 Dungeon Crawl Stone Soup version 0.29-a0-294-g83ea962da3 (webtiles) character file.

Game seed: 14325198676825778172

63051 sanka the Grappler (level 15, -2/180 HPs)
             Began as a Gnoll Monk on Mar 18, 2022.
             Was a High Priest of Trog.
             Slain by a demonspawn (8 damage)
             ... on level 2 of the Orcish Mines.
             The game lasted 00:45:50 (27851 turns).

sanka the Grappler (Gnoll Monk)                    Turns: 27851, Time: 00:45:51

Health: -2/180     AC: 14    Str: 18    XL:     15   Next: 8%
Magic:  28/28      EV: 15    Int:  9    God:    Trog [*****.]
Gold:   1762       SH: 11    Dex: 15    Spells: 33/33 levels left

rFire   . . .      SeeInvis .   c - +0 broad axe (chaos)
rCold   . . .      Faith    +   p - +0 kite shield
rNeg    . . .      Spirit   .   K - +4 chain mail
rPois   .          Reflect  .   (no helmet)
rElec   .          Harm     .   (no cloak)
rCorr   .          Rampage  .   q - +0 pair of gloves
Will    +....                   N - +0 pair of boots
Stlth   ..........              z - amulet of faith
HPRegen 0.40/turn               x - ring of flight
MPRegen 0.21/turn               j - +4 ring of evasion

@: berserking (expiring), corroded, flying, very quick
A: fangs 1, strong nose, distributed training
a: Renounce Religion, Berserk, Trog's Hand, Brothers in Arms


You were on level 2 of the Orcish Mines.
You worshipped Trog.
Trog was extremely pleased with you.
You visited 3 branches of the dungeon, and saw 20 of its levels.
You visited 1 bazaar.

You collected 2477 gold pieces.
You spent 715 gold pieces at shops.


Innate Abilities, Weirdness & Mutations

You have very sharp teeth.
Your uncanny sense of smell can sniff out nearby items.
Your experience applies equally to all skills.


   Skills:
 + Level 11.7 Fighting
 + Level 9.8 Short Blades
 + Level 9.8 Long Blades
 + Level 9.8 Axes
 + Level 9.8 Maces & Flails
 + Level 9.8 Polearms
 + Level 9.8 Staves
 + Level 9.8 Slings
 + Level 9.8 Bows
 + Level 9.8 Crossbows
 + Level 9.8 Throwing
 + Level 9.8 Armour
 + Level 11.7 Dodging
 + Level 10.6 Stealth
 + Level 9.8 Shields
 + Level 11.7 Unarmed Combat
 + Level 9.8 Spellcasting
 + Level 8.2 Conjurations
 + Level 8.2 Hexes
 + Level 8.2 Summonings
 + Level 8.2 Necromancy
 + Level 8.2 Translocations
 + Level 8.2 Transmutations
 + Level 8.2 Fire Magic
 + Level 8.2 Ice Magic
 + Level 8.2 Air Magic
 + Level 8.2 Earth Magic
 + Level 8.2 Poison Magic
 + Level 10.6 Invocations
 + Level 9.8 Evocations


You had 33 spell levels left.
You didn't know any spells.
Your spell library contained the following spells:

 Spells                   Type           Power      Damage    Failure   Level
 Pain                     Necr           76%        1d7       11%         1
 Summon Small Mammal      Summ           76%        N/A       11%         1
 Ensorcelled Hibernation  Hex/Ice        38%        N/A       16%         2
 Passwall                 Tmut/Erth      15%        N/A       16%         2
 Call Canine Familiar     Summ           19%        N/A       30%         3
 Gell's Gravitas          Tloc           19%        N/A       30%         3
 Ozocubu's Armour         Ice            19%        N/A       30%         3
 Summon Guardian Golem    Hex/Summ       19%        N/A       30%         3
 Swiftness                Air            19%        N/A       30%         3
 Teleport Other           Tloc           19%        N/A       30%         3
 Hailstorm                Conj/Ice       19%        3d6       71%         4
 Ice Form                 Ice/Tmut       19%        N/A       71%         4
 Agony                    Necr           19%        N/A       96%         5
 Excruciating Wounds      Necr           9%         N/A       96%         5
 Freezing Cloud           Conj/Ice/Air   9%         6-21      96%         5
 Metabolic Englaciation   Hex/Ice        9%         N/A       96%         5
 Dispersal                Tloc           9%         N/A       100%        6
 Simulacrum               Ice/Necr       9%         N/A       100%        6
 Polar Vortex             Ice            9%         N/A       100%        9

Inventory:

Hand Weapons
 c - a +0 broad axe of chaos (weapon)
 k - a +4 vorpal hunting sling
 s - a +0 halberd
 D - a +1 war axe of distortion
 M - a +5 morningstar of freezing
Missiles
 O - 6 curare-tipped darts (quivered) {=f}
 V - 5 javelins
Armour
 p - a +0 kite shield (worn)
 q - a +0 pair of gloves (worn)
 K - a +4 chain mail (worn)
 N - a +0 pair of boots (worn)
Jewellery
 j - a +4 ring of evasion (right hand)
 n - a ring of protection from cold
 t - the ring "Isuwuz" {*Corrode rElec rPois Dex+5 Slay+4}

   [ring of slaying]

   Dex:       It affects your dexterity (+5).
   Slay:      It affects your accuracy & damage with ranged weapons and melee
   (+4).
   rElec:     It insulates you from electricity.
   rPois:     It protects you from poison.
   *Corrode:  It may corrode you when you take damage.
 v - a ring of protection from cold
 x - a ring of flight (left hand)
 z - an amulet of faith (around neck)
 C - an amulet of guardian spirit
 G - a ring of resist corrosion
 S - a ring of fire
Wands
 o - a wand of paralysis (8)
 I - a wand of acid (5)
 Q - a wand of flame (18)
 T - a wand of iceblast (15)
 X - a wand of charming (4)
 Z - a wand of digging (6)
Scrolls
 a - a scroll of holy word
 d - 4 scrolls of teleportation {@r4}
 r - 2 scrolls of silence {!r}
 w - 2 scrolls of summoning
 y - 2 scrolls of magic mapping
 A - 3 scrolls of enchant weapon
 E - a scroll of acquirement {unknown}
 F - a scroll of vulnerability {!r}
 P - a scroll of enchant armour
 U - 2 scrolls of immolation {!r}
Potions
 b - 4 potions of heal wounds {@q2}
 e - 3 potions of flight {unknown}
 f - 2 potions of haste {unknown}
 g - 3 potions of attraction {unknown}
 h - 6 potions of curing {@q1}
 i - 4 potions of ambrosia
 l - 4 potions of might
 m - 3 potions of mutation {!q}
 u - 2 potions of brilliance {unknown}
 B - a potion of magic {unknown}
 H - 2 potions of cancellation {unknown}
 L - a potion of invisibility {unknown}
 R - a potion of resistance {unknown}
 W - 2 potions of lignification {unknown}

Dungeon Overview and Level Annotations

Branches:
Dungeon (12/15)            Temple (0/1) D:4            Lair (6/6) D:11
 Shoals (0/4) Lair:2        Snake (0/4) Lair:3        Slime (0/5) Lair:6
    Orc (2/2) D:12            Elf (0/3) Orc:2

Altars:
Cheibriados
Qazlal
Trog
Uskayaw
Beogh
Jiyva

Shops:
Orc:2 !*

Annotations:
Orc:2 1 transporter, Ajdolov's ghost, adept DjEE

▒▒▒▒▒▒ ▒▒▒▒▒▒▒▒▒▒▒▒▒▒
▒▒..▒.▒▒▒.▒.....▒..▒.▒▒
▒▒▒▒.....................▒
▒▒.▒▒▒....................▒
▒▒...▒▒.....[.............▒▒
....▒▒▒....................▒
...▒▒▒▒.......o))).........▒
..▒▒▒.▒........6g)))......▒▒
.▒▒▒...........o)))........▒
..▒........▒▒8...8▒▒.......▒
..........▒▒▒▒'''▒▒▒▒.....▒▒
.....▒.▒..▒.......,,▒.....▒▒
<....▒▒...▒.▒.....▒,▒......▒
....▒.▒▒..▒........,▒.....▒▒
.......▒▒▒▒.▒.....▒o▒.▒....▒
......▒.▒▒▒.....o...▒.....▒▒


You could see a demonspawn, an orc high priest (agile) and an orc warrior.


Message History

You slice the demonspawn!! You burn the demonspawn!
You block the demonspawn's attack. The demonspawn barely misses you.
The demonspawn closely misses you.
The orc high priest completely misses you.
The orc warrior hits you from afar with a +0 halberd!
* * * LOW HITPOINT WARNING * * *
Unknown command.
You closely miss the orc high priest. You bite the orc high priest.
The orc high priest is moderately wounded.
You closely miss the demonspawn.
Unknown command.
Unknown command.
You completely miss the orc high priest.
Your bite misses the orc high priest.
The orc high priest is moderately wounded.
You closely miss the demonspawn.
The demonspawn hits you but does no damage.
The demonspawn claws you but does no damage.
The demonspawn gores you but does no damage.
You block the orc high priest's attack. The orc warrior closely misses you.
Unknown command.
You slice the orc high priest!!
The orc high priest is almost dead.
You closely miss the demonspawn. The demonspawn hits you!
You die...

Action                   |  1- 3 |  4- 6 |  7- 9 | 10-12 | 13-15 || total
-------------------------+-------+-------+-------+-------+-------++-------
Melee: Unarmed           |    86 |    85 |   202 |     6 |       ||   379
       Bite              |     8 |     6 |    28 |    51 |   162 ||   255
       Punch             |     7 |     5 |    17 |    23 |       ||    52
       Morningstar       |       |       |       |   392 |   668 ||  1060
       Demon whip        |       |       |       |       |   301 ||   301
       War axe           |       |       |       |       |     9 ||     9
       Halberd           |       |       |       |       |     6 ||     6
       Broad axe         |       |       |       |       |    42 ||    42
Throw: Dart              |       |     4 |       |     3 |     4 ||    11
Invok: Berserk           |     1 |     2 |     6 |    12 |    17 ||    38
       Trog's Hand       |       |       |       |       |     3 ||     3
Evoke: Wand              |       |       |       |     7 |     3 ||    10
  Use: Scroll            |       |       |       |    19 |    12 ||    31
       Potion            |       |       |       |     1 |     1 ||     2
 Stab: Sleeping          |    13 |     7 |     4 |     1 |       ||    25
       Distracted        |       |     1 |       |       |     1 ||     2
       Petrifying        |       |       |       |       |     2 ||     2
Armor: Robe              |     3 |     4 |       |       |       ||     7
       Leather armour    |       |     3 |    21 |       |       ||    24
       Chain mail        |       |       |    18 |   206 |   326 ||   550
       Skin              |       |       |     1 |       |     7 ||     8
Dodge: Dodged            |    47 |    43 |   149 |   314 |   507 ||  1060
Block: Buckler           |       |       |       |     6 |     9 ||    15
       Kite shield       |       |       |       |       |   584 ||   584

Levels and vault maps discovered:
D:1:      lightli_arrival_flooded_house, layout_rooms,
          hellmonk_ecumenical_altar_pennies_from_heaven, serial_park_tiny_2
D:2:      layout_loops_corners, minmay_goblin_outpost
D:3:      layout_loops_cross, kennysheep_generic_room_5, uniq_terence
D:4:      layout_loops_ring, minmay_temple_entry_wispy,
          kennysheep_cluttered_room
D:5:      layout_basic, hangedman_decor_growths, minmay_stone_trees_large
D:6:      layout_loops_cross
D:7:      layout_rooms
D:8:      layout_loops_ring, mainiacjoe_overflow_alcove_4, grunt_ministairs_3
D:9:      minmay_statue_hallways, layout_basic
D:10:     kennysheep_ambush_hall, layout_irregular_city, uniq_joseph, uniq_lodul
D:11:     layout_loops_ring, lair_entry_dummy, nicolae_uskayaw_dance_hall
D:12:     layout_basic, david_orc_3, uniq_erolcha
Lair:1:   layout_big_grid, hangedman_lair_generics_rect, grunt_megastairs_4
Lair:2:   layout_cave_pods, shoals_dummy_entry, grunt_forest_large_clearing_hut,
          lemuel_fruit_tree, grunt_megastairs_1
Lair:3:   layout_cave_pods, minmay_snake_entry_guardpost_small,
          beast_lair_carwin_2, grunt_megastairs_2, uniq_prince_ribbit2
Lair:4:   layout_long_grid, basic_altar, infiniplex_staircase_pool, uniq_amaemon
Lair:5:   layout_loops_ring
Lair:6:   cheibrodos_lair_end_hotspot, layout_regular_city,
          dpeg_slime_entry_enclosed_altar, serial_bayou_shore_a
Orc:1:    cheibrodos_orc_bank, layout_caves, nicolae_orc_flooded_monolith,
          hangedman_feature_mirror, led_sif_book
Orc:2:    pf_orc_diabolical, layout_caves, gammafunk_ghost_stat_death,
          serial_shops, bzr_entry_gold, nicolae_lakefront_shop, shop,
          nicolae_orc_bridge_out, minmay_orc_temple_b

Notes
Turn   | Place    | Note
-------+----------+-------------------------------------------
     0 | D:1      | sanka the Gnoll Monk began the quest for the Orb.
     0 | D:1      | Reached XP level 1. HP: 23/23 MP: 1/1
    94 | D:1      | Reached XP level 2. HP: 27/29 MP: 2/2
   129 | D:1      | Found a faded altar of an unknown god.
   170 | D:1      | Prayed at the altar of an unknown god.
   170 | D:1      | Became a worshipper of Trog the Wrathful
   170 | D:1      | Reached * piety under Trog
   170 | D:1      | Reached ** piety under Trog
   377 | D:1      | Reached *** piety under Trog
   614 | D:2      | Reached XP level 3. HP: 35/35 MP: 3/3
   957 | D:2      | Reached skill level 1 in Invocations
  1796 | D:3      | Reached skill level 1 in Short Blades
  1796 | D:3      | Reached skill level 1 in Long Blades
  1796 | D:3      | Reached skill level 1 in Axes
  1796 | D:3      | Reached skill level 1 in Maces & Flails
  1796 | D:3      | Reached skill level 1 in Polearms
  1796 | D:3      | Reached skill level 1 in Staves
  1796 | D:3      | Reached skill level 1 in Slings
  1796 | D:3      | Reached skill level 1 in Bows
  1796 | D:3      | Reached skill level 1 in Crossbows
  1796 | D:3      | Reached skill level 1 in Throwing
  1796 | D:3      | Reached skill level 1 in Armour
  1796 | D:3      | Reached skill level 1 in Shields
  1796 | D:3      | Reached skill level 1 in Spellcasting
  1796 | D:3      | Reached skill level 1 in Evocations
  1838 | D:3      | Noticed Terence
  1841 | D:3      | Killed Terence
  1842 | D:3      | Reached XP level 4. HP: 41/41 MP: 5/5
  2164 | D:3      | Reached skill level 1 in Conjurations
  2164 | D:3      | Reached skill level 1 in Hexes
  2164 | D:3      | Reached skill level 1 in Summonings
  2164 | D:3      | Reached skill level 1 in Necromancy
  2164 | D:3      | Reached skill level 1 in Translocations
  2164 | D:3      | Reached skill level 1 in Transmutations
  2164 | D:3      | Reached skill level 1 in Fire Magic
  2164 | D:3      | Reached skill level 1 in Ice Magic
  2164 | D:3      | Reached skill level 1 in Air Magic
  2164 | D:3      | Reached skill level 1 in Earth Magic
  2164 | D:3      | Reached skill level 1 in Poison Magic
  2228 | D:3      | Reached XP level 5. HP: 47/47 MP: 6/6
  2709 | D:4      | Identified the ring "Isuwuz" {*Corrode rElec rPois Dex+5
                  | Slay+4}
  2911 | D:4      | Found a staircase to the Ecumenical Temple.
  2938 | D:4      | Reached skill level 2 in Invocations
  2938 | D:4      | Reached XP level 6. HP: 53/53 MP: 8/8
  3464 | D:4      | Identified the +2 leather armour of Broken Taboos {Int+3}
  3524 | D:5      | Entered Level 5 of the Dungeon
  3616 | D:5      | Noticed a sky beast
  3618 | D:5      | Reached skill level 2 in Short Blades
  3618 | D:5      | Reached skill level 2 in Long Blades
  3618 | D:5      | Reached skill level 2 in Axes
  3618 | D:5      | Reached skill level 2 in Maces & Flails
  3618 | D:5      | Reached skill level 2 in Polearms
  3618 | D:5      | Reached skill level 2 in Staves
  3618 | D:5      | Reached skill level 2 in Slings
  3618 | D:5      | Reached skill level 2 in Bows
  3618 | D:5      | Reached skill level 2 in Crossbows
  3618 | D:5      | Reached skill level 2 in Throwing
  3618 | D:5      | Reached skill level 2 in Armour
  3618 | D:5      | Reached skill level 2 in Shields
  3618 | D:5      | Reached skill level 2 in Spellcasting
  3618 | D:5      | Reached skill level 2 in Evocations
  3636 | D:5      | Killed a sky beast
  3639 | D:5      | Reached XP level 7. HP: 59/59 MP: 10/10
  3701 | D:5      | Reached skill level 7 in Fighting
  3701 | D:5      | Reached skill level 7 in Dodging
  3701 | D:5      | Reached skill level 7 in Unarmed Combat
  3719 | D:5      | Reached skill level 2 in Conjurations
  3719 | D:5      | Reached skill level 2 in Hexes
  3719 | D:5      | Reached skill level 2 in Summonings
  3719 | D:5      | Reached skill level 2 in Necromancy
  3719 | D:5      | Reached skill level 2 in Translocations
  3719 | D:5      | Reached skill level 2 in Transmutations
  3719 | D:5      | Reached skill level 2 in Fire Magic
  3719 | D:5      | Reached skill level 2 in Ice Magic
  3719 | D:5      | Reached skill level 2 in Air Magic
  3719 | D:5      | Reached skill level 2 in Earth Magic
  3719 | D:5      | Reached skill level 2 in Poison Magic
  3872 | D:5      | Reached **** piety under Trog
  3998 | D:5      | Reached skill level 5 in Stealth
  3998 | D:5      | Reached skill level 3 in Invocations
  4049 | D:5      | Noticed a yak
  4050 | D:5      | Noticed a yak
  4051 | D:5      | Noticed a yak
  4052 | D:5      | Noticed a yak
  4065 | D:5      | Killed a yak
  4066 | D:5      | Reached XP level 8. HP: 67/67 MP: 12/12
  4072 | D:5      | Reached skill level 3 in Short Blades
  4072 | D:5      | Reached skill level 3 in Long Blades
  4072 | D:5      | Reached skill level 3 in Axes
  4072 | D:5      | Reached skill level 3 in Maces & Flails
  4072 | D:5      | Reached skill level 3 in Polearms
  4072 | D:5      | Reached skill level 3 in Staves
  4072 | D:5      | Reached skill level 3 in Slings
  4072 | D:5      | Reached skill level 3 in Bows
  4072 | D:5      | Reached skill level 3 in Crossbows
  4072 | D:5      | Reached skill level 3 in Throwing
  4072 | D:5      | Reached skill level 3 in Armour
  4072 | D:5      | Reached skill level 3 in Shields
  4072 | D:5      | Reached skill level 3 in Spellcasting
  4072 | D:5      | Reached skill level 3 in Evocations
  4130 | D:5      | Killed a yak
  4134 | D:5      | Killed a yak
  4139 | D:5      | Killed a yak
  4295 | D:8      | Reached skill level 3 in Conjurations
  4295 | D:8      | Reached skill level 3 in Hexes
  4295 | D:8      | Reached skill level 3 in Summonings
  4295 | D:8      | Reached skill level 3 in Necromancy
  4295 | D:8      | Reached skill level 3 in Translocations
  4295 | D:8      | Reached skill level 3 in Transmutations
  4295 | D:8      | Reached skill level 3 in Fire Magic
  4295 | D:8      | Reached skill level 3 in Ice Magic
  4295 | D:8      | Reached skill level 3 in Air Magic
  4295 | D:8      | Reached skill level 3 in Earth Magic
  4295 | D:8      | Reached skill level 3 in Poison Magic
  4295 | D:8      | Reached skill level 4 in Invocations
  4572 | D:8      | Reached XP level 9. HP: 59/72 MP: 14/14
  4966 | D:7      | Reached skill level 4 in Short Blades
  4966 | D:7      | Reached skill level 4 in Long Blades
  4966 | D:7      | Reached skill level 4 in Axes
  4966 | D:7      | Reached skill level 4 in Maces & Flails
  4966 | D:7      | Reached skill level 4 in Polearms
  4966 | D:7      | Reached skill level 4 in Staves
  4966 | D:7      | Reached skill level 4 in Slings
  4966 | D:7      | Reached skill level 4 in Bows
  4966 | D:7      | Reached skill level 4 in Crossbows
  4966 | D:7      | Reached skill level 4 in Throwing
  4966 | D:7      | Reached skill level 4 in Armour
  4966 | D:7      | Reached skill level 4 in Shields
  4966 | D:7      | Reached skill level 4 in Spellcasting
  4966 | D:7      | Reached skill level 4 in Evocations
  5382 | D:6      | Identified the +1 ring mail of Muck {rElec rCorr Str-3
                  | Stlth+}
  5511 | D:6      | Reached skill level 6 in Stealth
  5627 | D:5      | Identified the +1 robe "Vujore" {rPois rC+ Will+}
  6172 | D:6      | Reached skill level 8 in Fighting
  6172 | D:6      | Reached skill level 8 in Dodging
  6172 | D:6      | Reached skill level 8 in Unarmed Combat
  6290 | D:6      | Reached skill level 5 in Invocations
  6615 | D:7      | Identified the +0 robe of Whack-A-Mole {rN+ Dex-3 Stlth+
                  | Archmagi}
  6662 | D:7      | Noticed a two-headed ogre
  6677 | D:7      | Killed a two-headed ogre
  6678 | D:7      | Reached skill level 4 in Conjurations
  6678 | D:7      | Reached skill level 4 in Hexes
  6678 | D:7      | Reached skill level 4 in Summonings
  6678 | D:7      | Reached skill level 4 in Necromancy
  6678 | D:7      | Reached skill level 4 in Translocations
  6678 | D:7      | Reached skill level 4 in Transmutations
  6678 | D:7      | Reached skill level 4 in Fire Magic
  6678 | D:7      | Reached skill level 4 in Ice Magic
  6678 | D:7      | Reached skill level 4 in Air Magic
  6678 | D:7      | Reached skill level 4 in Earth Magic
  6678 | D:7      | Reached skill level 4 in Poison Magic
  6678 | D:7      | Reached XP level 10. HP: 80/80 MP: 15/17
  6834 | D:7      | Reached skill level 5 in Short Blades
  6834 | D:7      | Reached skill level 5 in Long Blades
  6834 | D:7      | Reached skill level 5 in Axes
  6834 | D:7      | Reached skill level 5 in Maces & Flails
  6834 | D:7      | Reached skill level 5 in Polearms
  6834 | D:7      | Reached skill level 5 in Staves
  6834 | D:7      | Reached skill level 5 in Slings
  6834 | D:7      | Reached skill level 5 in Bows
  6834 | D:7      | Reached skill level 5 in Crossbows
  6834 | D:7      | Reached skill level 5 in Throwing
  6834 | D:7      | Reached skill level 5 in Armour
  6834 | D:7      | Reached skill level 5 in Shields
  6834 | D:7      | Reached skill level 5 in Spellcasting
  6834 | D:7      | Reached skill level 5 in Evocations
  7187 | D:8      | Reached ***** piety under Trog
  7428 | D:8      | Found a stormy altar of Qazlal.
  8393 | D:9      | Noticed an orange crystal statue
  8403 | D:9      | Killed an orange crystal statue
  8404 | D:9      | Reached skill level 7 in Stealth
  8404 | D:9      | Reached skill level 6 in Invocations
  8483 | D:9      | Noticed a two-headed ogre
  8494 | D:9      | Killed a two-headed ogre
  8979 | D:10     | Entered Level 10 of the Dungeon
  9007 | D:10     | Noticed a kobold demonologist
  9146 | D:10     | Noticed a smoke demon
  9148 | D:10     | Noticed an orange demon
  9276 | D:10     | Killed a kobold demonologist
  9277 | D:10     | Reached XP level 11. HP: 87/87 MP: 19/19
  9477 | D:10     | Noticed Joseph
  9490 | D:10     | Killed Joseph
  9491 | D:10     | Reached skill level 9 in Fighting
  9491 | D:10     | Reached skill level 6 in Short Blades
  9491 | D:10     | Reached skill level 6 in Long Blades
  9491 | D:10     | Reached skill level 6 in Axes
  9491 | D:10     | Reached skill level 6 in Maces & Flails
  9491 | D:10     | Reached skill level 6 in Polearms
  9491 | D:10     | Reached skill level 6 in Staves
  9491 | D:10     | Reached skill level 6 in Slings
  9491 | D:10     | Reached skill level 6 in Bows
  9491 | D:10     | Reached skill level 6 in Crossbows
  9491 | D:10     | Reached skill level 6 in Throwing
  9491 | D:10     | Reached skill level 6 in Armour
  9491 | D:10     | Reached skill level 9 in Dodging
  9491 | D:10     | Reached skill level 6 in Shields
  9491 | D:10     | Reached skill level 9 in Unarmed Combat
  9491 | D:10     | Reached skill level 6 in Spellcasting
  9491 | D:10     | Reached skill level 6 in Evocations
  9612 | D:10     | Reached skill level 5 in Conjurations
  9612 | D:10     | Reached skill level 5 in Hexes
  9612 | D:10     | Reached skill level 5 in Summonings
  9612 | D:10     | Reached skill level 5 in Necromancy
  9612 | D:10     | Reached skill level 5 in Translocations
  9612 | D:10     | Reached skill level 5 in Transmutations
  9612 | D:10     | Reached skill level 5 in Fire Magic
  9612 | D:10     | Reached skill level 5 in Ice Magic
  9612 | D:10     | Reached skill level 5 in Air Magic
  9612 | D:10     | Reached skill level 5 in Earth Magic
  9612 | D:10     | Reached skill level 5 in Poison Magic
  9722 | D:10     | Noticed Lodul
  9725 | D:10     | Noticed a two-headed ogre
  9733 | D:10     | Noticed a two-headed ogre
  9740 | D:10     | Noticed a two-headed ogre
 10470 | D:10     | Killed Lodul
 10471 | D:10     | Killed a two-headed ogre
 10472 | D:10     | Reached skill level 7 in Invocations
 10528 | D:10     | Killed a two-headed ogre
 10529 | D:10     | Killed a two-headed ogre
 11157 | D:11     | Reached skill level 8 in Stealth
 11302 | D:11     | Noticed a two-headed ogre
 11307 | D:11     | Killed a two-headed ogre
 11624 | D:11     | Identified the +7 long sword of the Devouring Seer {drain,
                  | Str+4}
 11650 | D:11     | Reached XP level 12. HP: 80/96 MP: 22/22
 11819 | D:11     | Found a hide-covered altar of Uskayaw.
 12135 | D:11     | Found a staircase to the Lair.
 12479 | Lair:1   | Entered Level 1 of the Lair of Beasts
 12531 | Lair:1   | Noticed a six-headed hydra
 12536 | Lair:1   | Killed a six-headed hydra
 12537 | Lair:1   | Reached skill level 7 in Short Blades
 12537 | Lair:1   | Reached skill level 7 in Long Blades
 12537 | Lair:1   | Reached skill level 7 in Axes
 12537 | Lair:1   | Reached skill level 7 in Maces & Flails
 12537 | Lair:1   | Reached skill level 7 in Polearms
 12537 | Lair:1   | Reached skill level 7 in Staves
 12537 | Lair:1   | Reached skill level 7 in Slings
 12537 | Lair:1   | Reached skill level 7 in Bows
 12537 | Lair:1   | Reached skill level 7 in Crossbows
 12537 | Lair:1   | Reached skill level 7 in Throwing
 12537 | Lair:1   | Reached skill level 7 in Armour
 12537 | Lair:1   | Reached skill level 7 in Shields
 12537 | Lair:1   | Reached skill level 7 in Spellcasting
 12537 | Lair:1   | Reached skill level 7 in Evocations
 12629 | Lair:1   | Noticed a boulder beetle
 12640 | Lair:1   | Killed a boulder beetle
 12952 | Lair:2   | Noticed a death yak
 12954 | Lair:2   | Reached skill level 6 in Conjurations
 12954 | Lair:2   | Reached skill level 6 in Hexes
 12954 | Lair:2   | Reached skill level 6 in Summonings
 12954 | Lair:2   | Reached skill level 6 in Necromancy
 12954 | Lair:2   | Reached skill level 6 in Translocations
 12954 | Lair:2   | Reached skill level 6 in Transmutations
 12954 | Lair:2   | Reached skill level 6 in Fire Magic
 12954 | Lair:2   | Reached skill level 6 in Ice Magic
 12954 | Lair:2   | Reached skill level 6 in Air Magic
 12954 | Lair:2   | Reached skill level 6 in Earth Magic
 12954 | Lair:2   | Reached skill level 6 in Poison Magic
 12955 | Lair:2   | Received a gift from Trog
 12968 | Lair:2   | Reached skill level 8 in Invocations
 12976 | Lair:2   | Killed a death yak
 13363 | Lair:2   | Found a staircase to the Shoals.
 13551 | Lair:2   | Reached skill level 10 in Fighting
 13551 | Lair:2   | Reached skill level 10 in Dodging
 13551 | Lair:2   | Reached skill level 10 in Unarmed Combat
 14037 | Lair:2   | Noticed a catoblepas
 14037 | Lair:2   | Noticed a death yak
 14104 | Lair:1   | Killed a catoblepas
 15001 | Lair:2   | Killed a death yak
 15231 | Lair:3   | Found a staircase to the Snake Pit.
 15232 | Lair:3   | Noticed an eight-headed hydra
 15302 | Lair:3   | Killed an eight-headed hydra
 15386 | Lair:3   | Noticed Prince Ribbit
 15395 | Lair:3   | Killed Prince Ribbit
 15414 | Lair:3   | Reached skill level 9 in Stealth
 15414 | Lair:3   | Reached XP level 13. HP: 71/103 MP: 24/24
 15909 | Lair:3   | Reached skill level 8 in Short Blades
 15909 | Lair:3   | Reached skill level 8 in Long Blades
 15909 | Lair:3   | Reached skill level 8 in Axes
 15909 | Lair:3   | Reached skill level 8 in Maces & Flails
 15909 | Lair:3   | Reached skill level 8 in Polearms
 15909 | Lair:3   | Reached skill level 8 in Staves
 15909 | Lair:3   | Reached skill level 8 in Slings
 15909 | Lair:3   | Reached skill level 8 in Bows
 15909 | Lair:3   | Reached skill level 8 in Crossbows
 15909 | Lair:3   | Reached skill level 8 in Throwing
 15909 | Lair:3   | Reached skill level 8 in Armour
 15909 | Lair:3   | Reached skill level 8 in Shields
 15909 | Lair:3   | Reached skill level 8 in Spellcasting
 15909 | Lair:3   | Reached skill level 8 in Evocations
 16087 | Lair:3   | Identified the +8 long sword of Mekk {speed, Int+4}
 16657 | Lair:4   | Found a snail-covered altar of Cheibriados.
 16740 | Lair:4   | Noticed Amaemon
 16753 | Lair:4   | Killed Amaemon
 16822 | Lair:4   | Reached skill level 9 in Invocations
 18268 | Lair:5   | Reached skill level 7 in Conjurations
 18268 | Lair:5   | Reached skill level 7 in Hexes
 18268 | Lair:5   | Reached skill level 7 in Summonings
 18268 | Lair:5   | Reached skill level 7 in Necromancy
 18268 | Lair:5   | Reached skill level 7 in Translocations
 18268 | Lair:5   | Reached skill level 7 in Transmutations
 18268 | Lair:5   | Reached skill level 7 in Fire Magic
 18268 | Lair:5   | Reached skill level 7 in Ice Magic
 18268 | Lair:5   | Reached skill level 7 in Air Magic
 18268 | Lair:5   | Reached skill level 7 in Earth Magic
 18268 | Lair:5   | Reached skill level 7 in Poison Magic
 19224 | Lair:6   | Entered Level 6 of the Lair of Beasts
 20390 | Lair:6   | Found a viscous altar of Jiyva.
 20390 | Lair:6   | Found a staircase to the Slime Pits.
 20475 | Lair:6   | Reached skill level 11 in Fighting
 20475 | Lair:6   | Reached skill level 11 in Dodging
 20475 | Lair:6   | Reached skill level 11 in Unarmed Combat
 20475 | Lair:6   | Reached XP level 14. HP: 103/113 MP: 26/26
 20948 | Lair:6   | Received a gift from Trog
 21068 | Lair:6   | Reached skill level 9 in Short Blades
 21068 | Lair:6   | Reached skill level 9 in Long Blades
 21068 | Lair:6   | Reached skill level 9 in Axes
 21068 | Lair:6   | Reached skill level 9 in Maces & Flails
 21068 | Lair:6   | Reached skill level 9 in Polearms
 21068 | Lair:6   | Reached skill level 9 in Staves
 21068 | Lair:6   | Reached skill level 9 in Slings
 21068 | Lair:6   | Reached skill level 9 in Bows
 21068 | Lair:6   | Reached skill level 9 in Crossbows
 21068 | Lair:6   | Reached skill level 9 in Throwing
 21068 | Lair:6   | Reached skill level 9 in Armour
 21068 | Lair:6   | Reached skill level 9 in Shields
 21068 | Lair:6   | Reached skill level 9 in Spellcasting
 21068 | Lair:6   | Reached skill level 9 in Evocations
 21280 | Lair:6   | Reached skill level 10 in Stealth
 21580 | Lair:6   | Reached skill level 10 in Invocations
 22088 | Lair:6   | Found a large runed translucent door.
 22089 | Lair:6   | Found a large runed translucent door.
 23362 | D:12     | Found a staircase to the Orcish Mines.
 24584 | D:12     | Noticed Erolcha
 24590 | D:12     | Killed Erolcha
 25129 | Orc:1    | Entered Level 1 of the Orcish Mines
 25284 | Orc:2    | Entered Level 2 of the Orcish Mines
 25541 | Orc:1    | Received a gift from Trog
 25685 | Orc:2    | Reached skill level 8 in Conjurations
 25685 | Orc:2    | Reached skill level 8 in Hexes
 25685 | Orc:2    | Reached skill level 8 in Summonings
 25685 | Orc:2    | Reached skill level 8 in Necromancy
 25685 | Orc:2    | Reached skill level 8 in Translocations
 25685 | Orc:2    | Reached skill level 8 in Transmutations
 25685 | Orc:2    | Reached skill level 8 in Fire Magic
 25685 | Orc:2    | Reached skill level 8 in Ice Magic
 25685 | Orc:2    | Reached skill level 8 in Air Magic
 25685 | Orc:2    | Reached skill level 8 in Earth Magic
 25685 | Orc:2    | Reached skill level 8 in Poison Magic
 25690 | Orc:2    | Found a flickering gateway to a bazaar.
 25741 | Orc:2    | Found a transporter.
 25776 | Bazaar   | Entered a bazaar
 25780 | Bazaar   | Found Ilubo's Assorted Antiques.
 25780 | Bazaar   | Found Kuocaqon's Assorted Antiques.
 25786 | Bazaar   | Found Jidynumepe's Weapon Shoppe.
 25796 | Bazaar   | Found Xuyff's Armour Shop.
 25815 | Bazaar   | Found Ninnug's General Store.
 25847 | Bazaar   | Bought a potion of heal wounds for 150 gold pieces
 25847 | Bazaar   | Bought a potion of heal wounds for 150 gold pieces
 25847 | Bazaar   | Bought a scroll of enchant weapon for 225 gold pieces
 25847 | Bazaar   | Bought a dark potion for 27 gold pieces
 25847 | Bazaar   | Bought a scroll of teleportation for 90 gold pieces
 25901 | Bazaar   | Bought a murky cyan potion for 26 gold pieces
 25901 | Bazaar   | Bought a viscous inky potion for 26 gold pieces
 25929 | Bazaar   | Bought a potion of curing for 21 gold pieces
 26102 | Orc:2    | Found Cumeul's General Store.
 26552 | Orc:2    | Noticed Ajdolov's ghost (adept DjEE)
 26596 | Orc:2    | Found Homab's Distillery.
 27240 | Orc:2    | Found a staircase to the Elven Halls.
 27257 | Orc:2    | Noticed an orc warlord
 27257 | Orc:2    | Identified a +2 robe of resistance
 27282 | Orc:2    | Killed an orc warlord
 27283 | Orc:2    | Reached XP level 15. HP: 120/120 MP: 28/28
 27402 | Orc:2    | Paralysed by an orc sorcerer for 4 turns
 27847 | Orc:2    | HP: 16/180 [demonspawn (5)]
 27848 | Orc:2    | HP: 5/180 [orc warrior/+0 halberd (11)]
 27851 | Orc:2    | Slain by a demonspawn

Vanquished Creatures
  An orc warlord (Orc:2)
  A fire dragon (Lair:6)
  Erolcha (D:12)
  A boulder beetle (Lair:1)
  6 hydras
  6 two-headed ogres
  A catoblepas (Lair:1)
  7 death yaks
  A death knight (D:12)
  An orc high priest (Orc:2)
  A soul eater (Orc:2)
  A sun demon (Orc:2)
  Amaemon (Lair:4)
  Lodul (D:10)
  An orange crystal statue (D:9)
  A lindwurm (Lair:6)
  2 orc knights
  3 ugly things (D:12)
  2 orc sorcerers (Orc:2)
  3 cyclopes
  4 elephants (Lair:6)
  8 black mambas
  Joseph (D:10)
  A torpor snail (Lair:2)
  2 molten gargoyles (Lair:6)
  A gargoyle (D:11)
  15 cane toads
  2 orange demons
  2 kobold demonologists (D:10)
  12 komodo dragons
  3 rime drakes
  An ice devil (Orc:2)
  Prince Ribbit (Lair:3)
  5 trolls
  7 slime creatures (D:12)
  13 blink frogs
  2 vampires
  A spriggan (Lair:2)
  43 yaks
  3 wraiths
  2 shadows
  8 wyverns
  4 basilisks
  3 vampire mosquitoes (D:10)
  4 steam dragons
  2 wargs
  4 acid dragons
  3 nagas (Lair:3)
  3 hell hounds (Lair:6)
  15 water moccasins
  2 sky beasts
  3 black bears
  26 orc warriors
  7 wolves
  4 centaurs
  5 ogres
  2 kobold brigands (D:8)
  A scorpion (D:6)
  6 bullfrogs
  2 gnoll sergeants
  10 wights
  5 killer bees (D:10)
  An electric eel (Lair:4)
  4 howler monkeys
  5 lava snakes (Lair:6)
  A gnoll shaman (D:7)
  2 jellies
  8 hounds
  20 orc priests
  8 orc wizards
  Terence (D:3)
  2 iguanas (D:5)
  6 adders
  14 gnolls
  A shadow imp (D:5)
  A white imp (D:8)
  An ufetubus (D:6)
  3 worms
  2 dart slugs
  73 orcs
  2 bats
  7 endoplasms
  4 giant cockroaches
  10 goblins
  10 hobgoblins
  3 quokkas
  7 ball pythons
  3 frilled lizards
  13 kobolds
  3 rats (D:2)
505 creatures vanquished.

Vanquished Creatures (collateral kills)
  An elephant (Lair:6)
1 creature vanquished.

Vanquished Creatures (others)
  An orc wizard (D:10)
  31 fungi
  62 plants
94 creatures vanquished.

Grand Total: 600 creatures vanquished
